 Dungeon Crawl Stone Soup version 0.22-a0-157-g169b76a (webtiles) character file.

32 mhoghedin the Conjurer (level 3, -4/19 HPs)
             Began as a Tengu Conjurer on Feb 8, 2018.
             Slain by an orc priest
             ... wielding a +0 falchion
              (6 damage)
             ... on level 2 of the Dungeon.
             The game lasted 00:02:10 (1251 turns).

mhoghedin the Conjurer (Tengu Conjurer)             Turns: 1251, Time: 00:02:11

Health: -4/19      AC:  2    Str:  8    XL:     3   Next: 27%
Magic:  5/8        EV: 12    Int: 16    God:
Gold:   105        SH:  0    Dex: 14    Spells: 4/7 levels left

rFire    . . .     SeeInvis .   m - +0 spear (curse)
rCold    . . .     Gourm    .   (no shield)
rNeg     . . .     Faith    .   a - +0 robe
rPois    .         Spirit   .   i - +0 hat
rElec    .         Reflect  .   (no cloak)
rCorr    .         Harm     .   (no gloves)
MR       .....                  (boots unavailable)
Stlth    ++........             (no amulet)
HPRegen  0.06/turn              (no ring)
MPRegen  0.11/turn              (no ring)

@: no status effects
A: beak, talons 3
a: no special abilities


You were on level 2 of the Dungeon.
You were not hungry.

You visited 1 branch of the dungeon, and saw 2 of its levels.

You collected 105 gold pieces.

Inventory:

Hand Weapons
 m - a cursed +0 spear (weapon)
   (You found it on level 1 of the Dungeon)
Armour
 a - a +0 robe (worn)
 i - a +0 hat (worn)
   (You found it on level 1 of the Dungeon)
Scrolls
 f - 2 scrolls of remove curse {unknown}
 g - a scroll of teleportation {unknown}
 j - a scroll of blinking {unknown}
 l - 2 scrolls of identify {unknown}
Potions
 d - a potion of brilliance {unknown}
 e - a potion of resistance {unknown}
 k - a potion of haste {unknown}
Books
 b - a book of Conjurations
Comestibles
 c - 3 rations


   Skills:
 - Level 2.1 Dodging
 - Level 2.0 Stealth
 + Level 2.7 Spellcasting
 + Level 6.0 Conjurations


You had 4 spell levels left.
You knew the following spells:

 Your Spells              Type           Power        Failure   Level  Hunger
a - Magic Dart            Conj           ###.         1%          1    #......
b - Searing Ray           Conj           ###...       2%          2    ##.....


Dungeon Overview and Level Annotations

Branches:
Dungeon (2/15)

Altars:


Innate Abilities, Weirdness & Mutations

You have a beak for a mouth.
You have claws for feet.


Message History

Aim: a worm (resting)
You reach to attack!
The helpless worm fails to defend itself.
You hit the worm.
MP restored: 7
Okay, then.
Unknown command.
Aim: a worm The searing ray hits the worm. (Press . to maintain the ray.)
You now have 5/7 mp.
The searing ray hits the worm.
The worm bites you.
You take 4 damage, and have 14/19 hp.
MASSIVE DAMAGE!!
You now have 4/7 mp.
The searing ray hits the worm.
You now have 3/7 mp.
The searing ray hits the worm.
You kill the worm!
Your Conjurations skill increases to level 6!
You finish channeling your searing ray.
You now have 2/8 mp.
There isn't anything here!
There isn't anything here!
Unknown command.
You see here a worm corpse.
You butcher the worm corpse.
h - 2 chunks of flesh {@w0} You start resting.
Eating one of 2 chunks of flesh {@w0}.
You eat one of the 2 chunks of flesh {@w0}.
Health restored: 19; MP restored: 8 A hobgoblin comes into view.
It is wielding a club.
A hobgoblin is nearby!
You see here 13 gold pieces.
Attack whom?
Aim: a hobgoblin, wielding a club (resting)
You reach to attack!
The helpless hobgoblin fails to defend itself.
You hit the hobgoblin.
You kill the hobgoblin!
You now have 105 gold pieces (gained 13).
Things that are here:
a club; a hobgoblin corpse A frilled lizard and a giant cockroach come into view.
Found a stone staircase leading down.
You see here a scroll labeled GUDGHIKIXIJ.
There are monsters nearby!
A kobold comes into view. It is wielding a club.
The kobold shouts!
You hear a shout! x2
Attack whom?
Aim: a giant cockroach (clinging)
You reach to attack!
You barely miss the giant cockroach. You hit the giant cockroach.
The giant cockroach barely misses you. The giant cockroach misses you.
You are feeling hungry.
You hit the giant cockroach but do no damage.
Your kick misses the giant cockroach. The giant cockroach bites you.
You take 1 damage, and have 18/19 hp.
You hit the giant cockroach.
The giant cockroach bites you but does no damage.
You hit the giant cockroach.
You kill the giant cockroach!
The kobold barely misses you.
You hit the kobold but do no damage. The kobold hits you with a club.
A hobgoblin comes into view. It is wielding a club.
You take 4 damage, and have 14/19 hp.
MASSIVE DAMAGE!!
You hit the kobold.
You kill the kobold!
The hobgoblin moves out of view.
No target in view!
Eating a chunk of flesh {@w0}.
You eat the chunk of flesh {@w0}.
You closely miss the hobgoblin. The hobgoblin hits you with a club.
You take 1 damage, and have 13/19 hp.
You hit the hobgoblin. Your kick misses the hobgoblin.
The hobgoblin completely misses you.
You barely miss the hobgoblin. Your kick misses the hobgoblin.
The hobgoblin barely misses you.
You hit the hobgoblin.
You kill the hobgoblin!
An orc priest comes into view. It is wielding a falchion.
The orc priest shouts!
You hear a bark!
You hear a shout!
Attack whom?
Aim: an orc priest, wielding a falchion and wearing a scale mail You reach to attack!
You hit the orc priest but do no damage.
The orc priest mumbles some strange prayers to Beogh against you.
Beogh smites you!
Ouch! That really hurt!
* * * LOW HITPOINT WARNING * * *
You take 11 damage, and have 2/19 hp.
MASSIVE DAMAGE!!
Aim: an orc priest, wielding a falchion and wearing a scale mail The searing ray hits the orc priest. (Press . to maintain the ray.)
An orc priest comes into view. It is wielding a short sword.
You now have 6/8 mp.
The searing ray hits the orc priest.
The orc priest hits you with a falchion.
You die...

#...### # ##..#.# #
##..#.##### #.
###.........#
#..######.....#...#.#
#.............?.#.#
#......#..........#.
#.......)............l
#.....o@..).....##...#
#oo.####...#.....#..##
# #...##.#.....##
#.....#..#..####
...........>#
##############


You could see 2 orc priests and an orc.

Vanquished Creatures
  A worm (D:2)
  A dart slug (D:1)
  A bat (D:2)
  2 giant cockroaches
  5 goblins
  5 hobgoblins
  7 kobolds
  A rat (D:1)
23 creatures vanquished.

Notes
Turn   | Place    | Note
-------+----------+-------------------------------------------
     0 | D:1      | mhoghedin the Tengu Conjurer began the quest for the Orb.
     0 | D:1      | Reached XP level 1. HP: 10/10 MP: 4/4
   288 | D:1      | Reached XP level 2. HP: 15/15 MP: 0/6
   317 | D:1      | Learned a level 2 spell: Searing Ray
  1106 | D:2      | Reached XP level 3. HP: 17/19 MP: 5/7
  1123 | D:2      | Reached skill level 6 in Conjurations
  1249 | D:2      | HP: 2/19 [orc priest/divine providence (11)]
  1251 | D:2      | Slain by an orc priest

Vault maps used:
D:1:      eino_arrival_cavern_b, serial_forest, infiniplex_forest_lined_3,
          infiniplex_forest_straight_1, infiniplex_forest_zigzag_1,
          infiniplex_forest_clump_cross, infiniplex_forest_end_3,
          infiniplex_forest_straight_2
D:2:      serial_corexii_hall, corexii_hall_statues_x, corexii_hall_statues_l,
          corexii_hall_statues_s, corexii_hall_statues_l,
          corexii_hall_statues_u, corexii_hall_statues_i

Skill      XL: |  1  2  3 |
---------------+----------+-----
Conjurations   | 6 |  6.0
Dodging        | |  2.1
Stealth        | |  2.0
Spellcasting   | |  2.7

Action                   || total
-------------------------++-------
Melee: Club              ||     6
       Kick              ||     1
       Spear             ||    19
 Cast: Magic Dart        ||    37
       Searing Ray       ||     2
  Use: Potion            ||     1
 Stab: Sleeping          ||     2
  Eat: Chunk             ||     2
Armor: Robe              ||     1
Dodge: Dodged            ||    14

Table legend:
 A = Spawn XP
 B = Non-spawn XP
 C = Spawn XP percentage of total XP
 D = Spawn monster count
 E = Non-spawn monster count
 F = Spawn count percentage of total count
 G = Total turns spent on level
                    A         B        C        D         E        F      G
               +---------+---------+-------+---------+---------+-------+---------
         Total |       0 |      47 |   0.0 |       0 |      23 |   0.0 |  1251
               +---------+---------+-------+---------+---------+-------+---------
           D:1 |       0 |      28 |   0.0 |       0 |      15 |   0.0 |  1027
           D:2 |       0 |      19 |   0.0 |       0 |       8 |   0.0 |   224
               +---------+---------+-------+---------+---------+-------+---------

Vault maps used:
D:1:      eino_arrival_cavern_b, serial_forest, infiniplex_forest_lined_3,
          infiniplex_forest_straight_1, infiniplex_forest_zigzag_1,
          infiniplex_forest_clump_cross, infiniplex_forest_end_3,
          infiniplex_forest_straight_2
D:2:      serial_corexii_hall, corexii_hall_statues_x, corexii_hall_statues_l,
          corexii_hall_statues_s, corexii_hall_statues_l,
          corexii_hall_statues_u, corexii_hall_statues_i

Table legend:
 A = Turns spent in this place as a percentage of turns spent in the entire game.
 B = Non-inter-level travel turns spent in this place as a percentage of non-inter-level travel turns spent in the entire game.
 C = Inter-level travel turns spent in this place as a percentage of turns spent in this place.
 D = Turns resting spent in this place as a percentage of non-inter-level travel turns spent in this place.
 E = Turns spent auto-exploring this place as a percentage of non-inter-level travel turns spent in this place.
 F = Non-inter-level travel turns spent in this place divided by the number of levels of this place that you've seen.
                   A       B       C       D       E      F
               +-------+-------+-------+-------+-------+----------------------
         Total | 100.0 | 100.0 |   3.8 |  23.8 |  61.5 | 602.0
       Dungeon | 100.0 | 100.0 |   3.8 |  23.8 |  61.5 | 602.0
               +-------+-------+-------+-------+-------+----------------------

Table legend:
 A = Kills in this place as a percentage of kills in entire the game.
 B = Kills by you in this place as a percentage of kills by you in the entire game.
 C = Kills by friends in this place as a percentage of kills by friends in the entire game.
 D = Other kills in this place as a percentage of other kills in the entire game.
 E = Experience gained in this place as a percentage of experience gained in the entire game.
 F = Experience gained in this place divided by the number of levels of this place that you have seen.
                   A       B       C       D       E      F
               +-------+-------+-------+-------+-------+----------------------
         Total | 100.0 | 100.0 |   N/A |   N/A | 100.0 |  23.5
       Dungeon | 100.0 | 100.0 |   N/A |   N/A | 100.0 |  23.5
               +-------+-------+-------+-------+-------+----------------------
